 Dungeon Crawl Stone Soup version 0.30-a0-51-g784eafce7f (webtiles) character file.

Game seed: 7059730556079614140

4318 drugrobin the Slicer (level 9, -1/71 HPs)
             Began as a Demigod Delver on Sept 6, 2022.
             Slain by a yak (13 damage)
             ... on level 8 of the Dungeon.
             The game lasted 00:25:00 (12284 turns).

drugrobin the Slicer (Demigod Delver)              Turns: 12284, Time: 00:25:01

Health: -1/71      AC:  7    Str: 17    XL:     9   Next: 87%
Magic:  4/15       EV: 13    Int: 16    God:
Gold:   244        SH:  0    Dex: 19    Spells: 4/12 levels left

rFire   + . .      SeeInvis .    a - +0 dagger (venom)
rCold   + . .      Faith    .    (no shield)
rNeg    . . .      Spirit   .    S - +2 robe {rC+ rF+}
rPois   .          Reflect  .    J - +0 hat
rElec   .          Harm     .    G - +0 cloak
rCorr   .          Rampage  .    D - +0 pair of gloves
Will    .....                    y - +0 pair of boots
Stlth   +++.......               (no amulet)
HPRegen 0.21/turn                Q - ring of wizardry
MPRegen 0.14/turn                (no ring)

@: confusing by touch
A: high MP 1, forlorn, divine attributes
a: no special abilities


You were on level 8 of the Dungeon.
You visited 1 branch of the dungeon, and saw 9 of its levels.

You collected 244 gold pieces.

Inventory:

Hand Weapons
 a - a +0 dagger of venom (weapon)
 b - a +1 vampiric long sword
 c - a +2 quick blade
 C - the +5 spear of Tension {antimagic, rPois Str+5}
   (You found it on level 4 of the Dungeon)

   It reduces the magical energy of the wielder, and disrupts the spells and
   magical abilities of those it strikes.
   Natural abilities and divine invocations are not affected.
   Str:       It affects your strength (+5).
   rPois:     It protects you from poison.
Missiles
 w - 22 poisoned darts
 E - 3 javelins
 F - 3 silver boomerangs (quivered)
Armour
 k - an orb of energy
 y - a +0 pair of boots (worn)
 D - a +0 pair of gloves (worn)
 G - a +0 cloak (worn)
 J - a +0 hat (worn)
 S - a +2 robe of resistance (worn)
Jewellery
 Q - a ring of wizardry (left hand)
Wands
 g - a wand of digging (3)
 m - a wand of iceblast (10)
 I - a wand of flame (25)
 R - a wand of acid (10)
Scrolls
 d - 2 scrolls of magic mapping
 e - 3 scrolls of fear
 h - 4 scrolls of fog
 i - a scroll of poison {unknown}
 l - 5 scrolls of teleportation {unknown}
 r - 2 scrolls of vulnerability
 t - 2 scrolls of amnesia
 v - 2 scrolls of enchant armour
 L - 3 scrolls of blinking
 N - 3 scrolls of immolation
 O - a scroll of torment
Potions
 f - 3 potions of haste
 j - 4 potions of might {unknown}
 o - a potion of degeneration {unknown}
 p - a potion of invisibility {unknown}
 q - 2 potions of lignification {unknown}
 s - a potion of magic {unknown}
 x - 2 potions of flight {unknown}
 z - 2 potions of brilliance {unknown}
 A - a potion of attraction {unknown}
 H - a potion of cancellation {unknown}
 K - a potion of heal wounds {unknown}
 M - a potion of berserk rage {unknown}


   Skills:
 + Level 3.9 Fighting
 - Level 9.1 Short Blades
 + Level 3.3 Dodging
 - Level 4.5 Stealth
 + Level 2.1 Spellcasting
 * Level 8.8 Hexes


You had 4 spell levels left.
You knew the following spells:

 Your Spells              Type           Power      Damage    Failure   Level
a - Slow                  Hex            100%       N/A       1%          1
b - Confusing Touch       Hex            30%        N/A       1%          3
c - Summon Small Mammal   Summ           4%         N/A       9%          1
d - Summon Guardian Gole  Hex/Summ       15%        N/A       4%          3

Your spell library contained the following spells:

 Spells                   Type           Power      Damage    Failure   Level
 Sublimation of Blood     Necr           1%         N/A       12%         2
 Wereblood                Tmut           1%         N/A       12%         2
 Call Canine Familiar     Summ           1%         N/A       24%         3
 Vampiric Draining        Necr           1%         2d6       24%         3
 Summon Hydra             Summ           0%         N/A       100%        7


Dungeon Overview and Level Annotations

Branches:
Dungeon (9/15)             Temple (0/1) D:5
   Lair: D:8-11         Orc: D:9-12

Annotations:
D:9 Amaemon


Innate Abilities, Weirdness & Mutations

You have an increased reservoir of magic. (+10% MP)
You shall have no god before yourself.
Your divine heritage dramatically boosts your attributes as you level up.


Message History

Your Spellcasting skill increases to level 2!
Unknown command.
Unknown command.
Unknown command.
Casting: Confusing Touch (safe; 1% risk of failure)
Confirm with . or Enter, or press ? or * to list all spells.
Your hands begin to glow red.
The yak gores you. The yak gores you!
* * * LOW HITPOINT WARNING * * *
Unknown command.
Unknown command.
Unknown command.
You feel the dreadful sensation subside.
Your +0 dagger of venom begins to drip with poison!
a - a +0 dagger of venom (weapon)
The yak gores you.
* * * LOW HITPOINT WARNING * * *
The yak closely misses you.
Unknown command.
Unknown command.
Unknown command.
You hit the yak but do no damage.
The yak appears confused.
The yak is moderately wounded.
Unknown command.
Unknown command.
Unknown command.
Unknown command.
You catch the helpless yak completely off-guard!
You impale the yak!!
The yak looks as sick as possible!
The yak is almost dead.
You kill the yak!
The yak barely misses you.
Unknown command.
Unknown command.
You hit the yak but do no damage.
The yak looks even sicker.
The yak is lightly wounded.
Unknown command.
Casting: Confusing Touch (safe; 1% risk of failure)
Confirm with . or Enter, or press ? or * to list all spells.
Your hands begin to glow red.
The yak gores you!
You die...

..Y.....#...#...## #.########.# #
.......##.......# #..........# #
.......####.....# ############ #
.......###......# #<# #
................#### #.# #
...................# #.# #
...................# #.# #
...............#.Y.# #.# #
......#.[......#@..# #[# #
Y#....#........#...# #.# #
##.##'###'######...# #.# #
##.#...##.######...#####.########
.###.~.#..#............#.........
..Y#.~.#..#.##########.##########
..Y#.~.#..#'##....# #.#
.###.~.#..Y.......# #.# .#
#..........# #.#


You could see a yak (very poisoned).

Vanquished Creatures
  5 yaks
  A steam dragon (D:8)
  Menkaure (D:4)
  An orc warrior (D:6)
  A black bear (D:8)
  2 ice beasts
  2 sky beasts
  3 ogres
  4 centaurs
  A phantom (D:7)
  2 kobold brigands (D:8)
  3 scorpions
  6 bullfrogs
  7 wights (D:7)
  2 howler monkeys
  3 gnoll boudas
  4 hounds
  3 jellies
  2 orc priests
  5 iguanas
  Terence (D:3)
  Natasha (thrice) (D:2)
  2 orc wizards
  10 adders
  12 gnolls
  A shadow imp (D:6)
  A white imp (D:8)
  2 ufetubi
  5 worms
  A dart slug (D:3)
  10 orcs
  4 ball pythons
  9 endoplasms
  A giant cockroach (D:1)
  10 goblins
  7 hobgoblins
  7 jackals
  2 quokkas
  8 bats
  18 kobolds
  5 rats
177 creatures vanquished.

Notes
Turn   | Place    | Note
-------+----------+-------------------------------------------
     0 | D:5      | drugrobin the Demigod Delver began the quest for the Orb.
     0 | D:5      | Reached XP level 1. HP: 18/18 MP: 3/3
    66 | D:5      | Noticed an iguana
   196 | D:4      | Reached skill level 2 in Short Blades
   218 | D:4      | Noticed Menkaure
   250 | D:4      | Noticed a scorpion
   300 | D:3      | Reached XP level 2. HP: 25/25 MP: 4/4
   420 | D:3      | HP: 1/25 [worm (11)]
   772 | D:2      | Reached skill level 3 in Short Blades
   929 | D:1      | Reached XP level 3. HP: 19/30 MP: 5/5
  2217 | D:2      | Reached skill level 4 in Short Blades
  2293 | D:2      | Noticed Natasha
  2343 | D:2      | Killed Natasha
  2344 | D:2      | Reached XP level 4. HP: 29/37 MP: 6/6
  2400 | D:2      | Noticed Natasha
  2408 | D:2      | Killed Natasha
  3032 | D:2      | Noticed Natasha
  3041 | D:2      | Killed Natasha
  3042 | D:2      | Reached skill level 5 in Short Blades
  3042 | D:2      | Reached XP level 5. HP: 35/42 MP: 7/7
  3831 | D:3      | Noticed Terence
  3843 | D:3      | Killed Terence
  4435 | D:4      | Reached skill level 6 in Short Blades
  4435 | D:4      | Reached XP level 6. HP: 44/50 MP: 8/8
  4452 | D:4      | Identified the +5 spear of Tension {antimagic, rPois Str+5}
  5384 | D:5      | Reached skill level 7 in Short Blades
  5837 | D:5      | Found a staircase to the Ecumenical Temple.
  5933 | D:5      | Learned a level 1 spell: Slow
  5980 | D:5      | Learned a level 3 spell: Confusing Touch
  6138 | D:6      | Reached skill level 1 in Hexes
  6138 | D:6      | Reached XP level 7. HP: 41/56 MP: 9/9
  6896 | D:6      | Noticed a yak
  7551 | D:6      | Killed a yak
  7552 | D:6      | Reached skill level 8 in Short Blades
  7552 | D:6      | Reached XP level 8. HP: 35/62 MP: 8/10
  7623 | D:6      | Reached skill level 5 in Hexes
  8038 | D:6      | Learned a level 1 spell: Summon Small Mammal
  9182 | D:7      | Reached XP level 9. HP: 46/68 MP: 11/11
  9385 | D:7      | Learned a level 3 spell: Summon Guardian Golem
  9423 | D:7      | Reached skill level 9 in Short Blades
 10121 | D:4      | Killed Menkaure
 10641 | D:8      | Reached skill level 1 in Spellcasting
 11967 | D:9      | Noticed an orange demon
 11967 | D:9      | Noticed a two-headed ogre
 11967 | D:9      | Noticed Amaemon
 12284 | D:8      | Slain by a yak

Illustrated notes

Levels and vault maps discovered:
D:1:      heliophobic_arrival_enchanted_forest, layout_loops_corners,
          basic_ecumenical_altar, st_stairs_14, minmay_misc_feat_square,
          minmay_hedge_maze
D:2:      layout_loops_ring, minmay_bisected, uniq_natasha
D:3:      layout_basic, minmay_misc_feat_x, minmay_liquid_box, uniq_terence
D:4:      minmay_bubble_buster, layout_basic,
          mainiacjoe_overflow_catwalk_spiral, chequers_jeans, uniq_menkaure
D:5:      layout_loops_cross, minmay_temple_entry_glassed_door,
          minmay_misc_feat_roman
D:6:      minmay_chambers_of_fours, layout_rooms
D:7:      layout_loops_ring, lemuel_doored_altar, corexii_leaking_fountain,
          minmay_diced_spiral
D:8:      layout_basic, lemuel_mausoleum_altar_kikubaaqudgha, dk_vineyard_2
D:9:      layout_stronghold, lair_entry_dummy, uniq_amaemon

Skill      XL: |  1  2  3  4  5  6  7  8  9 |
---------------+----------------------------+-----
Short Blades   | 2 3 4 5 6 7 8 9 |  9.1
Hexes          | 1 4 7 8 |  8.8
Dodging        | 3 |  3.3
Fighting       | 3 |  3.9
Spellcasting   | 2 |  2.1
Stealth        | |  4.5

Action                   |  1- 3 |  4- 6 |  7- 9 || total
-------------------------+-------+-------+-------++-------
Melee: Dagger            |   119 |   208 |   211 ||   538
       Short sword       |    12 |     5 |       ||    17
       Punch             |     1 |     1 |     9 ||    11
       Long sword        |       |    14 |   139 ||   153
       Quick blade       |       |       |   134 ||   134
       Spear             |       |       |     5 ||     5
Throw: Dart              |       |    18 |    18 ||    36
       Boomerang         |       |       |     5 ||     5
 Cast: Slow              |       |     1 |    25 ||    26
       Confusing Touch   |       |       |    10 ||    10
       Summon Small Mamm |       |       |     5 ||     5
Evoke: Wand              |       |       |     6 ||     6
  Use: Scroll            |       |       |    11 ||    11
 Stab: Sleeping          |    13 |     5 |     8 ||    26
       Distracted        |       |     1 |       ||     1
       Confused          |       |       |    10 ||    10
Armor: Leather armour    |    26 |    39 |    42 ||   107
       Robe              |       |       |    44 ||    44
Dodge: Dodged            |    58 |    93 |   206 ||   357

Table legend: (Time is in decaauts)
 A = Elapsed time spent in this place.
 B = Non-inter-level travel time spent in this place.
 C = Inter-level travel time spent in this place.
 D = Time resting spent in this place.
 E = Time spent auto-exploring this place.
 F = Levels seen in this place.
 G = Mean time per level.
                   A        B        C        D        E       F      G
               +--------+--------+--------+--------+--------+-----+--------+
         Total |  12028 |  11584 |    444 |   3013 |   6081 |   9 | 1336.4 |
       Dungeon |  12028 |  11584 |    444 |   3013 |   6081 |   9 | 1336.4 |
               +--------+--------+--------+--------+--------+-----+--------+

Top non-repeatable levels by time:
     D:6: 2300 daAuts
     D:7: 1662 daAuts
     D:4: 1550 daAuts
     D:8: 1405 daAuts
     D:3: 1360 daAuts
     D:2: 1254 daAuts
     D:1: 1137 daAuts
     D:5: 1074 daAuts
     D:9: 282 daAuts
